Map: Goldenaura LE

Players

ShaDoWn

  • Race: Protoss Protoss
  • Spawn Location: 12:00

Rogue - Winner!

  • Race: Zerg Zerg
  • Spawn Location: 5:00

Event: ESL Spring 2024 Finals

VOD

Have the link to the VOD?

Description

Time

  • Played on: May 31, 2024, 12:15 p.m.
  • Length: 12:30

All games in this series

Show
View Real Time Build Order
Export as new Build Order

ShaDoWn Protoss 

Build Orders: 1 Gate Expand, Oracle Opening, Archon Immortal 

Get SALT Encoding   

  12  0:00  Probe  
  13  0:12  Probe  
  14  0:19  Pylon  
  14  0:24  Probe  
  15  0:28  Assimilator  
  15  0:38  Probe (Chrono Boost)  
  16  0:43  Gateway  
  16  0:48  Probe (Chrono Boost)  
  17  0:53  Probe (Chrono Boost)  
  19  1:04  Probe  
  19  1:16  Probe  
  20  1:23  Nexus  
  20  1:33  Cybernetics Core  
  20  1:36  Probe  
  21  1:41  Assimilator  
  21  1:49  Probe  
  21  1:51  Pylon  
  22  2:01  Probe  
  22  2:06  Adept (Chrono Boost)  
  23  2:12  Stargate  
  23  2:14  Probe (Chrono Boost)  
  26  2:21  Warp Gate  
  27  2:23  Probe (Chrono Boost)  
  27  2:29  Adept  
  29  2:31  Probe (Chrono Boost)  
  29  2:35  Probe (Chrono Boost)  
  33  2:45  Probe x2 (Chrono Boost)  
  33  2:50  Probe (Chrono Boost)  
  33  2:53  Probe  
  33  2:57  Oracle (Chrono Boost)  
  35  3:01  Probe  
  35  3:04  Pylon  
  35  3:05  Probe  
  40  3:07  Adept  
  42  3:14  Probe  
  42  3:17  Probe  
  44  3:21  Gateway  
  44  3:25  Oracle (Chrono Boost)  
  44  3:26  Probe  
  45  3:29  Probe  
  49  3:38  Probe  
  51  3:41  Probe  
  51  3:43  Pylon  
  51  3:51  Nexus  
  51  3:52  Probe  
  52  3:59  Probe  
  52  4:01  Oracle  
  56  4:04  Probe  
  56  4:08  Pylon  
  57  4:16  Adept, Probe  
  61  4:18  Adept  
  61  4:21  Pylon  
  62  4:26  Assimilator, Probe  
  62  4:28  Probe  
  62  4:30  Assimilator  
  64  4:33  Forge  
  64  4:38  Probe  
  65  4:39  Adept x2, Pylon  
  65  4:40  Probe  
  70  4:50  Probe (Chrono Boost)  
  70  4:51  Robotics Facility  
  70  4:52  Probe (Chrono Boost)  
  73  5:01  Shield Battery, Probe (Chrono Boost)  
  73  5:02  Probe (Chrono Boost)  
  73  5:06  Probe x2 (Chrono Boost)  
  75  5:13  Probe (Chrono Boost)  
  75  5:17  Probe (Chrono Boost), Protoss Ground Weapons Level 1 (Chrono Boost)  
  77  5:23  Probe (Chrono Boost)  
  77  5:25  Probe (Chrono Boost)  
  77  5:26  Twilight Council  
  77  5:28  Gateway, Probe (Chrono Boost)  
  75  5:30  Gateway, Probe (Chrono Boost)  
  75  5:32  Probe x2 (Chrono Boost)  
  75  5:33  Assimilator  
  75  5:34  Assimilator  
  76  5:38  Gateway  
  76  5:39  Probe  
  76  5:41  Observer  
  76  5:42  Probe  
  73  5:43  Stalker  
  73  5:48  Probe  
  76  5:52  Stalker  
  76  5:55  Gateway  
  76  5:56  Pylon  
  78  5:59  Charge, Probe  
  79  6:06  Warp Prism  
  79  6:08  Templar Archives  
  81  6:13  Probe  
  81  6:14  Gateway  
  81  6:17  Gateway  
  82  6:19  Pylon  
  82  6:20  Pylon  
  82  6:21  Gateway  
  82  6:22  Gateway  
  82  6:33  Zealot  
  82  6:34  Zealot x4  
  92  6:43  Nexus  
  92  6:45  Pylon  
  92  6:50  Observer  
  92  6:53  High Templar  
  92  6:54  High Templar x3  
  99  6:55  High Templar  
  99  6:56  High Templar  
  99  6:59  Archon x2  
  99  7:00  Probe x2  
  107  7:06  Archon  
  107  7:12  Zealot x2, Probe x3  
  107  7:13  Protoss Ground Weapons Level 2 (Chrono Boost)  
  114  7:16  Zealot  
  116  7:22  Zealot  
  116  7:24  Probe x2  
  116  7:25  Zealot  
  116  7:26  Zealot x3  
  116  7:27  Zealot  
  130  7:34  Probe  
  130  7:36  Probe  
  124  7:37  Psionic Storm  
  124  7:38  Immortal (Chrono Boost)  
  124  7:41  Probe  
  123  7:47  Probe  
  123  7:49  Zealot x7  
  123  7:51  Zealot  
  123  7:55  Zealot  
  123  7:58  Zealot  
  115  8:01  Probe  
  94  8:11  High Templar x4  
  102  8:16  Probe x2  
  102  8:17  Shield Battery, Photon Cannon, Immortal (Chrono Boost)  
  108  8:23  Photon Cannon  
  108  8:25  High Templar x2  
  108  8:26  Zealot x4  
  120  8:30  Assimilator  
  120  8:32  Assimilator  
  120  8:33  Photon Cannon  
  121  8:34  Probe  
  121  8:38  Immortal (Chrono Boost)  
  125  8:42  Probe  
  125  8:43  Probe  
  125  8:44  Probe  
  126  8:52  High Templar x2  
  130  8:59  Nexus  
  128  9:11  Fleet Beacon  
  128  9:12  Warp Prism (Chrono Boost), Robotics Facility  
  128  9:13  Zealot x3  
  128  9:14  Zealot x2  
  140  9:21  Pylon  
  140  9:24  Pylon  
  140  9:33  Protoss Air Weapons Level 1 (Chrono Boost)  
  140  9:34  Probe  
  139  9:41  Immortal (Chrono Boost)  
  139  9:45  Probe, Stargate  
  140  9:46  Stargate  
  140  9:49  Zealot x4  
  140  9:50  Zealot x3  
  148  9:57  Oracle  
  139  10:05  Zealot x3, Immortal (Chrono Boost)  
  145  10:11  Observer (Chrono Boost)  
  152  10:23  Zealot x3  
  152  10:25  Mothership (Chrono Boost)  
  158  10:33  Zealot x5  
  158  10:34  Zealot  
  168  10:36  Immortal (Chrono Boost)  
  168  10:37  Zealot, Archon, Immortal (Chrono Boost)  
  168  10:42  Probe  
  125  10:54  Stalker x3  
  125  10:55  Zealot  
  125  11:00  Zealot x2  
  106  11:04  High Templar  
  106  11:05  High Templar x3, Immortal (Chrono Boost)  
  106  11:06  Immortal (Chrono Boost)  
  118  11:12  Archon  
  118  11:17  Archon  
  114  11:20  Zealot x4  
  114  11:23  Zealot  
  108  11:28  Zealot  
  108  11:29  Immortal (Chrono Boost)  
  100  11:34  Probe  
  95  11:43  Zealot x3, High Templar x4  
  94  12:05  High Templar x2  
  94  12:06  Nexus  
  98  12:16  Archon  
  92  12:26  Zealot x3  
Show
View Real Time Build Order
Export as new Build Order

Rogue Zerg - Winner!

Build Orders: Hatch First, Lurkers, Roach Hydra 

Get SALT Encoding   

  12  0:00  Drone  
  13  0:12  Overlord  
  13  0:16  Drone  
  14  0:30  Drone x2  
  16  0:47  Hatchery  
  15  0:51  Drone  
  15  0:54  Drone  
  17  0:57  Drone  
  18  1:09  Extractor  
  17  1:14  Spawning Pool  
  17  1:16  Drone  
  17  1:19  Drone  
  18  1:27  Drone  
  19  1:38  Drone  
  20  1:48  Overlord  
  20  2:00  Queen x2  
  24  2:01  Zergling x4  
  26  2:11  Drone x2  
  26  2:14  Metabolic Boost  
  28  2:23  Drone x2  
  30  2:33  Drone x2  
  32  2:39  Hatchery  
  31  2:45  Queen  
  31  2:49  Overlord  
  33  2:52  Drone  
  33  2:54  Drone  
  33  2:57  Drone  
  36  3:04  Overlord  
  36  3:09  Queen  
  36  3:12  Drone x2  
  40  3:13  Drone  
  40  3:15  Drone  
  40  3:17  Drone  
  40  3:19  Drone  
  44  3:23  Queen  
  46  3:29  Drone  
  47  3:36  Drone  
  47  3:37  Spore Crawler  
  47  3:41  Drone  
  47  3:42  Drone x3  
  47  3:46  Overlord  
  51  3:50  Queen, Overlord  
  53  3:57  Spore Crawler, Drone  
  53  3:59  Drone x3  
  53  4:00  Drone  
  57  4:03  Drone  
  57  4:06  Overlord  
  57  4:08  Drone  
  59  4:11  Spore Crawler  
  59  4:13  Drone  
  59  4:18  Drone x3  
  59  4:19  Drone  
  59  4:21  Drone  
  59  4:23  Drone  
  65  4:25  Drone  
  66  4:31  Overlord  
  66  4:33  Drone x3, Extractor  
  66  4:34  Drone  
  66  4:35  Roach Warren  
  68  4:41  Zergling x4  
  68  4:42  Zergling x2  
  68  4:43  Drone x2  
  73  4:46  Drone  
  73  4:47  Extractor  
  73  4:49  Lair  
  73  4:50  Drone, Extractor  
  73  4:54  Overlord  
  73  5:00  Zergling x8  
  73  5:04  Zergling x10  
  78  5:08  Queen x2  
  78  5:11  Zergling x4  
  79  5:15  Zergling x2  
  79  5:16  Drone  
  76  5:22  Drone x2  
  76  5:24  Drone x2  
  76  5:25  Drone  
  76  5:28  Drone  
  79  5:32  Drone x3  
  79  5:34  Drone  
  79  5:35  Drone x2  
  82  5:37  Drone  
  82  5:40  Drone  
  82  5:41  Drone  
  82  5:42  Drone, Extractor  
  85  5:44  Drone  
  85  5:45  Evolution Chamber  
  85  5:46  Extractor  
  84  5:51  Drone x2  
  84  5:52  Drone  
  84  5:53  Hydralisk Den  
  86  6:00  Drone x2  
  86  6:01  Drone x3  
  91  6:10  Glial Reconstitution  
  91  6:11  Overlord x2, Zerg Missile Weapons Level 1  
  91  6:13  Hatchery  
  90  6:19  Overlord  
  90  6:21  Grooved Spines  
  90  6:25  Hydralisk x3  
  90  6:30  Overseer  
  96  6:33  Hydralisk x3  
  96  6:38  Overlord  
  96  6:39  Infestation Pit  
  101  6:43  Overseer  
  101  6:46  Hydralisk  
  102  6:47  Hydralisk  
  102  6:50  Hydralisk  
  102  6:53  Hydralisk  
  107  6:54  Overlord  
  107  6:57  Roach x2  
  107  7:01  Roach x3  
  117  7:04  Overlord  
  117  7:06  Roach  
  117  7:07  Roach x2  
  123  7:09  Roach x2  
  123  7:11  Roach  
  123  7:13  Roach  
  123  7:14  Overlord x3  
  131  7:16  Roach  
  131  7:19  Extractor  
  131  7:21  Roach  
  131  7:22  Extractor  
  133  7:25  Roach  
  133  7:26  Roach x5  
  133  7:27  Overlord  
  133  7:29  Overlord  
  145  7:32  Overlord  
  145  7:34  Overlord  
  145  7:37  Overlord  
  143  7:39  Roach  
  143  7:40  Roach  
  144  7:45  Hive  
  144  7:47  Roach x3  
  144  7:50  Overlord  
  148  7:51  Roach  
  148  7:52  Roach  
  148  7:57  Muscular Augments, Roach  
  138  7:58  Roach  
  138  8:01  Roach x2  
  138  8:02  Roach  
  138  8:04  Roach  
  130  8:06  Drone x3  
  130  8:08  Roach  
  130  8:10  Roach  
  130  8:12  Drone  
  138  8:13  Drone  
  138  8:15  Drone x2  
  141  8:21  Zerg Missile Weapons Level 2, Lurker Den  
  140  8:28  Roach x2  
  140  8:29  Roach x2  
  148  8:36  Hydralisk x4  
  156  8:42  Drone x2  
  157  8:51  Pneumatized Carapace  
  157  8:54  Drone x3  
  160  8:56  Hatchery  
  160  9:02  Hydralisk x4, Adrenal Glands  
  161  9:05  Hydralisk  
  169  9:20  Seismic Spines  
  169  9:21  Lurker x3  
  169  9:23  Zergling x14  
  179  9:25  Drone  
  179  9:26  Hatchery  
  179  9:28  Lurker  
  180  9:31  Extractor  
  180  9:33  Hydralisk, Extractor  
  180  9:34  Hydralisk x3  
  180  9:36  Roach  
  188  9:40  Roach  
  188  9:43  Roach  
  188  9:45  Overseer  
  192  9:47  Roach  
  185  9:53  Roach x2  
  185  9:55  Roach x6  
  188  10:02  Roach x2  
  188  10:04  Roach  
  188  10:05  Roach x2  
  191  10:09  Roach  
  191  10:11  Roach x4  
  199  10:17  Adaptive Talons  
  199  10:19  Roach x3  
  199  10:25  Roach x2  
  199  10:26  Roach  
  199  10:27  Roach  
  193  10:35  Roach x2  
  185  10:37  Roach x7  
  185  10:38  Roach  
  185  10:41  Roach  
  183  10:43  Roach  
  183  10:46  Roach  
  183  10:47  Roach x2  
  183  10:48  Roach  
  177  10:50  Roach  
  177  10:53  Roach  
  181  10:59  Overseer x2  
  181  11:00  Roach x6  
  181  11:02  Roach  
  189  11:05  Roach  
  189  11:06  Drone x2  
  193  11:12  Hydralisk x3  
  193  11:15  Roach  
  192  11:20  Roach  
  192  11:23  Roach x2  
  192  11:24  Roach x3  
  190  11:29  Roach  
  190  11:30  Roach  
  190  11:32  Hydralisk x2  
  187  11:35  Hydralisk, Roach  
  187  11:39  Roach  
  189  11:43  Hydralisk  
  189  11:44  Hydralisk  
  189  11:46  Roach  
  189  11:47  Roach  
  185  11:48  Roach  
  185  11:50  Roach  
  185  11:51  Roach  
  185  11:53  Hydralisk  
  181  11:54  Overseer  
  163  12:06  Overseer  
Tags
 
Add a new tag
Caveats
  • Supply blocks, unpowered buildings, or Contaminate may cause inaccurate times.
  • Supply counts are checked every 10 seconds.